 Dungeon Crawl Stone Soup version 0.29-a0-121-g8efb068a30 (webtiles) character file.

Game seed: 1761545267177038438

5597 Ordine the Thaumaturge (level 10, -2/59 HPs)
             Began as a Deep Elf Conjurer on Feb 20, 2022.
             Was a Follower of Sif Muna.
             Killed by the air
             ... invoked by Gastronok
              (31 damage)
             ... on level 9 of the Dungeon.
             The game lasted 00:34:26 (11883 turns).

Ordine the Thaumaturge (Deep Elf Conjurer)         Turns: 11883, Time: 00:34:27

Health: -2/59      AC:  6    Str:  4    XL:     10   Next: 45%
Magic:  2/24       EV: 23    Int: 34    God:    Sif Muna [*.....]
Gold:   189        SH:  0    Dex: 13    Spells: 14/26 levels left

rFire   . . .      SeeInvis .   n - +2 dagger (venom)
rCold   . . .      Faith    .   (no shield)
rNeg    . . .      Spirit   .   a - +0 robe
rPois   .          Reflect  .   i - +1 hat
rElec   .          Harm     .   L - +1 cloak
rCorr   .          Rampage  .   (no gloves)
Will    +....                   H - +0 pair of boots
Stlth   ++++......              u - amulet of regeneration
HPRegen 0.99/turn               G - +6 ring of intelligence
MPRegen 0.19/turn               J - ring of the Hare {EV+8}

@: slowed, very slow
A: no striking features
a: Renounce Religion, Channel Magic


You were on level 9 of the Dungeon.
You worshipped Sif Muna.
Sif Muna was aware of your devotion.
You visited 2 branches of the dungeon, and saw 10 of its levels.
You also visited: Ossuary.

You collected 531 gold pieces.
You spent 342 gold pieces at shops.

Inventory:

Hand Weapons
 n - a +2 dagger of venom (weapon)
 K - a +1 dagger of electrocution
Armour
 a - a +0 robe (worn)
 i - a +1 hat (worn)
 o - an orb of energy
 q - a +0 troll leather armour {Pargi}
 H - a +0 pair of boots (worn)
 L - a +1 cloak (worn)
Jewellery
 u - an amulet of regeneration (around neck)
 B - a ring of resist corrosion
 E - a ring of protection from fire
 G - a +6 ring of intelligence (left hand)
 J - the ring of the Hare (right hand) {EV+8}
   (You found it on level 8 of the Dungeon)

   [ring of evasion]

   EV:        It affects your evasion (+8).
Wands
 k - a wand of iceblast (18)
 w - a wand of charming (16)
 x - a wand of polymorph (7)
 I - a wand of paralysis (9)
Scrolls
 b - 5 scrolls of teleportation {unknown}
 d - 2 scrolls of enchant weapon {unknown}
 e - a scroll of magic mapping
 g - 2 scrolls of immolation {unknown}
 j - a scroll of brand weapon {unknown}
 m - a scroll of summoning {unknown}
 p - 2 scrolls of fog {unknown}
 y - 3 scrolls of fear {unknown}
 A - 2 scrolls of amnesia
Potions
 c - 2 potions of lignification
 f - 3 potions of flight
 h - a potion of brilliance
 l - 4 potions of degeneration
 r - 2 potions of might
 s - 3 potions of curing
 t - a potion of mutation
 v - 3 potions of heal wounds
 z - a potion of attraction
 C - a potion of haste
 D - a potion of invisibility
 F - a potion of cancellation {unknown}


   Skills:
 + Level 5.1 Fighting
 + Level 8.2 Dodging
 + Level 8.7 Stealth
 + Level 8.9 Spellcasting
 + Level 8.2 Conjurations
 + Level 6.4 Fire Magic
 - Level 2.0 Evocations


You had 14 spell levels left.
You knew the following spells:

 Your Spells              Type           Power      Damage    Failure   Level
a - Magic Dart            Conj           100%       1d8       1%          1
b - Searing Ray           Conj           100%       2d8       1%          2
c - Iskenderun's Mystic   Conj/Tloc      43%        2d10      5%          4
d - Fireball              Conj/Fire      30%        3d13      4%          5

Your spell library contained the following spells:

 Spells                   Type           Power      Damage    Failure   Level
 Static Discharge         Conj/Air       43%        N/A       1%          2
 Dazzling Flash           Conj/Hex       86%        N/A       1%          3
 Sticky Flame             Conj/Fire      60%        2d8       1%          4
 Inner Flame              Hex/Fire       37%        N/A       2%          3
 Pain                     Necr           60%        1d7       3%          1
 Sandblast                Erth           30%        2d9       3%          1
 Ensorcelled Hibernation  Hex/Ice        30%        N/A       4%          2
 Passwall                 Tmut/Erth      12%        N/A       4%          2
 Sublimation of Blood     Necr           15%        N/A       4%          2
 Fulminant Prism          Conj/Hex       21%        3d13      5%          4
 Gell's Gravitas          Tloc           15%        N/A       9%          3
 Spider Form              Tmut/Pois      15%        N/A       9%          3
 Teleport Other           Tloc           15%        N/A       9%          3
 Irradiate                Conj/Tmut      21%        3d20      16%         5
 Starburst                Conj/Fire      30%        6d9       22%         6
 Anguish                  Hex/Necr       7%         N/A       30%         4
 Animate Dead             Necr           7%         N/A       30%         4
 Cause Fear               Hex            7%         N/A       30%         4
 Dispel Undead            Necr           15%        3d10      30%         4
 Petrify                  Tmut/Erth      15%        N/A       30%         4
 Agony                    Necr           15%        N/A       63%         5
 Excruciating Wounds      Necr           7%         N/A       63%         5
 Dispersal                Tloc           7%         N/A       99%         6
 Statue Form              Tmut/Erth      10%        N/A       99%         6
 Haunt                    Necr/Summ      7%         N/A       100%        7
 Malign Gateway           Summ/Tloc      7%         N/A       100%        7
 Discord                  Hex            7%         N/A       100%        8
 Ignition                 Fire           28%        3d9       100%        8
 Infestation              Necr           7%         N/A       100%        8


Dungeon Overview and Level Annotations

Branches:
Dungeon (9/15)             Temple (1/1) D:4         Ossuary (visited)
   Lair: D:8-11         Orc: D:9-12

Altars:
Ashenzari
Cheibriados
Dithmenos
Elyvilon
Fedhas
Gozag
Hepliaklqana
Kikubaaqudgha
Makhleb
Nemelex Xobeh
Okawaru
Qazlal
Ru
Sif Muna
Trog
Uskayaw
Vehumet
Wu Jian
Xom
Yredelemnul
Zin
The Shining One

Shops:
D:6 **   D:7 !   D:8 =(=[   D:9 (

Annotations:
D:9 Gastronok


Message History

Aim: Gastronok, wearing a +0 hat (moderately wounded)
The fireball explodes!
The fireball engulfs Gastronok!
Gastronok is moderately wounded.
The bat completely misses you.
Unknown command.
Casting: Fireball (dangerous; 4% risk of failure)
Confirm with . or Enter, or press ? or * to list all spells.
Aiming: Fireball (dangerous; 4% risk of failure)
Press: ? - help, Shift-Dir - straight line, f/p - Gastronok
Aim: Gastronok, wearing a +0 hat (moderately wounded)
The fireball explodes!
The fireball engulfs Gastronok!
Gastronok is heavily wounded.
The bat hits you but does no damage. Gastronok casts a spell at you.
You feel yourself slow down.
Casting: Fireball (dangerous; 4% risk of failure)
Confirm with . or Enter, or press ? or * to list all spells.
You don't have enough magic to cast this spell.
You kill the bat!
The bat's corpse disappears in a puff of smoke!
You feel briefly sluggish.
Casting: Fireball (dangerous; 4% risk of failure)
Confirm with . or Enter, or press ? or * to list all spells.
You can't see any susceptible monsters within range! (Use Z to cast anyway.) Gastronok mumbles some strange words.
Gastronok puts on a burst of speed!
Casting: Fireball (dangerous; 4% risk of failure)
Confirm with . or Enter, or press ? or * to list all spells.
Aiming: Fireball (dangerous; 4% risk of failure)
Press: ? - help, Shift-Dir - straight line, p - Gastronok The fireball explodes!
The fireball engulfs Gastronok!!
Gastronok is severely wounded.
You hear a bellow!
Gastronok waves his eye-stalks in wide circles.
The air twists around and strikes you!!
Ouch! That really hurt!
Gastronok waves his eye-stalks in wide circles.
The air twists around and strikes you!!
Ouch! That really hurt!
You die...

...ยง...... #...#....)...#...)#
.#.#...#.... #...#........'....#
.#.#...#... #.w.#....)...#....#
.#.#...#... #...#........#....##
.#.#...#..####...#........#......
.#.#...#..#......#........#......
.#.#...#..#......#........#.#####
.'.#...#..#......#........#.#
.#.##'##..#.....@#........#.#
.#........#......#>.......#.#
.######'###......####'#####.#
............................#####
.................................
.................................
...............######......######
...............# #......# #
...............# #......# #


You could see Gastronok (swift).

Vanquished Creatures
  A two-headed ogre (D:9)
  A kobold demonologist (D:7)
  Eustachio (D:4)
  12 yaks
  3 water moccasins
  3 orc warriors
  2 black bears
  Pargi (D:4)
  3 ogres
  An ice beast (D:6)
  2 sky beasts
  A centaur (D:8)
  A kobold brigand (D:9)
  2 bullfrogs
  2 scorpions (D:5)
  A howler monkey (D:8)
  A bullfrog zombie (D:7)
  5 centaur zombies
  A lava snake (D:9)
  4 orc priests
  3 hounds
  A gnoll shaman (D:9)
  2 human zombies (Ossuary)
  2 iguanas
  2 jellies
  3 orc wizards
  A killer bee zombie (D:8)
  2 hound zombies (Ossuary)
  4 mummies
  A howler monkey skeleton (D:6)
  3 gnolls (D:9)
  7 adders
  A shadow imp (D:6)
  3 white imps
  An ufetubus (D:5)
  3 adder zombies (Ossuary)
  An adder skeleton (D:4)
  4 worms
  19 orcs
  11 ball pythons
  3 bats
  10 endoplasms
  3 giant cockroaches
  5 gnoll zombies (Ossuary)
  2 goblins (D:3)
  4 hobgoblins
  4 jackals (D:1)
  10 kobolds
  3 quokkas
  11 frilled lizards
  4 goblin zombies (Ossuary)
  4 hobgoblin zombies (Ossuary)
  4 jackal zombies (Ossuary)
  3 kobold zombies (Ossuary)
  An orc zombie (Ossuary)
  3 quokka zombies (Ossuary)
  7 rats
  4 rat zombies (Ossuary)
207 creatures vanquished.

Vanquished Creatures (others)
  8 plants (D:3)
8 creatures vanquished.

Grand Total: 215 creatures vanquished

Notes
Turn   | Place    | Note
-------+----------+-------------------------------------------
     0 | D:1      | Ordine the Deep Elf Conjurer began the quest for the Orb.
     0 | D:1      | Reached XP level 1. HP: 10/10 MP: 6/6
   257 | D:1      | Reached XP level 2. HP: 15/15 MP: 6/8
   260 | D:1      | Learned a level 2 spell: Searing Ray
   599 | D:1      | Found a faded altar of an unknown god.
   773 | D:1      | Reached skill level 1 in Evocations
  1005 | D:2      | Reached XP level 3. HP: 20/20 MP: 1/9
  1476 | D:2      | Reached XP level 4. HP: 24/24 MP: 7/11
  1533 | D:2      | Learned a level 4 spell: Iskenderun's Mystic Blast
  1571 | D:2      | Reached skill level 1 in Fighting
  2152 | D:3      | Reached XP level 5. HP: 29/29 MP: 5/12
  2567 | D:4      | Noticed Eustachio
  2738 | D:4      | Noticed Pargi
  2740 | D:4      | Noticed an ogre
  2759 | D:4      | Killed Pargi
  2760 | D:4      | Reached skill level 5 in Conjurations
  2760 | D:4      | Reached skill level 1 in Fire Magic
  2853 | D:4      | Found a staircase to the Ecumenical Temple.
  2873 | Temple   | Entered the Ecumenical Temple
  3188 | D:4      | Reached XP level 6. HP: 35/35 MP: 10/14
  3512 | D:4      | HP: 1/35 [ogre (34)]
  4292 | D:4      | Killed Eustachio
  4293 | D:4      | Reached XP level 7. HP: 33/40 MP: 3/16
  4418 | D:5      | Entered Level 5 of the Dungeon
  4476 | D:5      | Reached skill level 5 in Spellcasting
  4606 | D:5      | Reached skill level 5 in Stealth
  4647 | D:5      | Found an opulent altar of Gozag.
  4703 | D:5      | Learned a level 5 spell: Fireball
  4957 | D:5      | Reached skill level 5 in Dodging
  5034 | D:5      | Found a sacrificial altar of Ru.
  5433 | D:5      | Reached XP level 8. HP: 40/45 MP: 8/18
  5552 | D:6      | Found a sand-covered staircase.
  5561 | Ossuary  | Entered an ossuary
  7149 | D:6      | Found Ilacs's Serpentskin Sales.
  7366 | D:6      | Found Baxas's General Store.
  7380 | D:6      | Bought a scroll of magic mapping for 45 gold pieces
  7380 | D:6      | Bought a scroll of amnesia for 45 gold pieces
  7985 | D:7      | Found Goiza's Distillery.
  7988 | D:7      | Bought a potion of haste for 120 gold pieces
  7988 | D:7      | Bought a potion of invisibility for 96 gold pieces
  7988 | D:7      | Bought a potion of curing for 36 gold pieces
  8016 | D:7      | Reached XP level 9. HP: 43/52 MP: 12/21
  8152 | D:7      | Noticed a kobold demonologist
  8585 | D:7      | Found a shimmering blue altar of Sif Muna.
  8592 | D:7      | Became a worshipper of Sif Muna the Loreminder
  8940 | D:7      | Killed a kobold demonologist
  9089 | D:8      | Reached skill level 5 in Fire Magic
  9518 | D:8      | Got the Volume of the Ashen Compass
  9818 | D:8      | Reached XP level 10. HP: 52/58 MP: 4/24
  9941 | D:8      | Found the ring of the Hare {EV+8}
  9946 | D:8      | Found Jeekimif's Jewellery Shop.
 10152 | D:8      | Found Dyjyuvue's Jewellery Boutique.
 10283 | D:8      | Found Tifiruq's Antique Armour Shop.
 10612 | D:8      | Found Huwn's Weapon Emporium.
 10775 | D:9      | Noticed a two-headed ogre
 10778 | D:9      | Killed a two-headed ogre
 10890 | D:9      | Found Rizulal's Weapon Shoppe.
 11273 | D:9      | Noticed Gastronok
 11306 | D:9      | Reached * piety under Sif Muna
 11314 | D:9      | Reached skill level 5 in Fighting
 11883 | D:9      | Killed from afar by Gastronok

Illustrated notes

Levels and vault maps discovered:
D:1:      dpeg_arrival_oval, layout_loops_ring,
          shapermc_ecumenical_altar_notcrosses, feat_on_display
D:2:      layout_rooms
D:3:      layout_rooms, minmay_lizard_king
D:4:      layout_gridville, minmay_temple_entry_ruins, uniq_eustachio,
          uniq_pargi
D:5:      layout_loops_corners, hangedman_feature_mirror
D:6:      layout_loops_ring, serial_shops, shop_statue,
          gup_ossuary_entry_pyramid, corexii_item_surrounded_by_moat,
          guppyfry_shop_venom
D:7:      layout_basic, overflow_temple_1_default, serial_shops,
          nicolae_shop_behind_doors
D:8:      wad_crossroads, layout_loops_corners, serial_shops, shop, shop, shop,
          nicolae_take_the_stairs
D:9:      layout_irregular_city, erik_lair_dragon, serial_shops,
          nicolae_inconvenience_store, uniq_gastronok
Temple:   regret_index_temple_sigil_plot

Skill      XL: |  1  2  3  4  5  6  7  8  9 10 |
---------------+-------------------------------+-----
Evocations     | 1 2 |  2.0
Stealth        | 3 4 5 6 8 |  8.7
Dodging        | 3 4 5 6 7 8 |  8.2
Fighting       | 1 2 3 4 5 |  5.1
Spellcasting   | 4 5 6 8 |  8.9
Conjurations   | 5 6 7 8 |  8.2
Fire Magic     | 1 2 3 4 5 6 |  6.4

Action                   |  1- 3 |  4- 6 |  7- 9 | 10-12 || total
-------------------------+-------+-------+-------+-------++-------
Melee: Dagger            |       |       |     7 |     7 ||    14
 Cast: Magic Dart        |    64 |    88 |   284 |    59 ||   495
       Searing Ray       |     3 |     8 |    31 |     8 ||    50
       Iskenderun's Myst |       |       |    10 |     4 ||    14
       Fireball          |       |       |       |    22 ||    22
  Use: Scroll            |       |       |     7 |     2 ||     9
       Potion            |       |       |     1 |       ||     1
Armor: Robe              |     2 |    12 |    21 |    10 ||    45
Dodge: Dodged            |     5 |    23 |    98 |    53 ||   179

Table legend: (Time is in decaauts)
 A = Elapsed time spent in this place.
 B = Non-inter-level travel time spent in this place.
 C = Inter-level travel time spent in this place.
 D = Time resting spent in this place.
 E = Time spent auto-exploring this place.
 F = Levels seen in this place.
 G = Mean time per level.
                   A        B        C        D        E       F      G
               +--------+--------+--------+--------+--------+-----+--------+
         Total |  11891 |  11625 |    266 |    298 |   9817 |  11 | 1081.0 |
       Dungeon |  10333 |  10094 |    239 |    298 |   8522 |   9 | 1148.1 |
        Temple |    303 |    276 |     27 |      0 |    256 |   1 |  303.0 |
       Ossuary |   1253 |   1253 |      0 |      0 |   1039 |   1 | 1253.0 |
               +--------+--------+--------+--------+--------+-----+--------+

Top non-repeatable levels by time:
     D:8: 1929 daAuts
     D:4: 1477 daAuts
     D:7: 1287 daAuts
 Ossuary: 1253 daAuts
     D:5: 1102 daAuts
     D:6: 1067 daAuts
     D:1: 991 daAuts
     D:3: 854 daAuts
     D:9: 829 daAuts
     D:2: 792 daAuts
  Temple: 303 daAuts
